Map: Frozen Temple

Players

StatiC

  • Race: Protoss Protoss
  • League: Master

Aegwynn - Winner!

  • Race: Zerg Zerg
  • League: Master

VOD

https://www.youtube.com/channel/UCcSgNfDNxvyisU-eCj9xyNg/playlists

Description

Time

  • Played on: Aug. 26, 2016, 7:41 a.m.
  • Length: 6:35
Show
View Real Time Build Order
Export as new Build Order

StatiC Protoss 

Build Orders:  

Get SALT Encoding   

  12  0:01  Probe (Chrono Boost)  
  13  0:11  Probe (Chrono Boost)  
  14  0:19  Pylon  
  14  0:22  Probe (Chrono Boost)  
  15  0:38  Probe (Chrono Boost)  
  16  0:48  Probe (Chrono Boost)  
  17  0:59  Probe (Chrono Boost)  
  18  1:09  Probe (Chrono Boost)  
  18  1:11  Forge  
  19  1:20  Probe (Chrono Boost)  
  20  1:26  Nexus  
  20  1:31  Probe (Chrono Boost)  
  21  1:43  Photon Cannon  
  21  1:48  Gateway  
  21  1:51  Probe (Chrono Boost)  
  22  1:56  Assimilator  
  22  2:03  Probe (Chrono Boost)  
  23  2:10  Pylon  
  23  2:22  Assimilator  
  23  2:28  Probe (Chrono Boost)  
  24  2:37  Cybernetics Core  
  24  2:38  Probe (Chrono Boost), Gateway  
  24  2:41  Probe (Chrono Boost)  
  24  2:43  Zealot  
  26  2:49  Probe (Chrono Boost)  
  29  2:53  Probe (Chrono Boost)  
  30  3:00  Photon Cannon  
  30  3:09  Photon Cannon  
  30  3:11  Zealot  
  29  3:31  Stalker  
  29  3:32  Photon Cannon  
  29  3:34  Pylon  
  29  3:39  Mothership Core (Chrono Boost)  
  33  3:50  Pylon  
  33  3:57  Stalker  
  35  4:04  Pylon  
  33  4:12  Gateway  
  33  4:13  Gateway  
  33  4:17  Stargate  
  33  4:20  Warp Gate  
  33  4:30  Stalker  
  35  4:49  Mothership Core (Chrono Boost)  
  34  4:56  Stalker  
  34  4:59  Stalker  
  30  5:14  Stalker  
  28  5:22  Probe (Chrono Boost)  
  28  5:26  Stalker  
  26  5:29  Stalker  
  26  5:32  Probe (Chrono Boost)  
  27  5:50  Probe (Chrono Boost)  
  27  5:51  Zealot  
  27  5:52  Zealot  
  30  6:18  Probe (Chrono Boost)  
  30  6:21  Probe (Chrono Boost)  
Show
View Real Time Build Order
Export as new Build Order

Aegwynn Zerg - Winner!

Build Orders: Pool First 

Get SALT Encoding   

  12  0:01  Drone  
  13  0:13  Overlord  
  13  0:18  Drone  
  14  0:32  Drone x2  
  16  0:37  Drone  
  17  0:46  Spawning Pool  
  16  0:50  Drone  
  16  0:54  Extractor  
  16  0:59  Drone  
  17  1:25  Hatchery  
  16  1:29  Drone  
  17  1:37  Queen  
  19  1:47  Drone  
  19  1:48  Drone  
  19  1:50  Drone  
  22  2:00  Roach Warren  
  21  2:10  Overlord  
  21  2:18  Drone  
  22  2:29  Drone  
  23  2:37  Queen  
  23  2:43  Roach  
  27  2:45  Overlord  
  27  2:49  Roach  
  29  2:54  Drone x2  
  31  3:02  Roach  
  31  3:03  Ravager  
  31  3:04  Spine Crawler  
  33  3:09  Ravager  
  33  3:10  Roach  
  36  3:23  Ravager  
  37  3:36  Roach  
  39  3:45  Queen  
  39  3:48  Hatchery, Drone  
  41  4:06  Ravager  
  41  4:08  Spore Crawler  
  38  4:10  Overlord  
  38  4:12  Drone x3  
  38  4:13  Extractor  
  37  4:29  Queen  
  37  4:30  Roach x3  
  43  4:40  Roach  
  45  4:49  Roach  
  47  5:02  Spore Crawler  
  47  5:03  Drone x2  
  47  5:04  Spine Crawler  
  44  5:11  Ravager  
  42  5:17  Queen  
  42  5:22  Roach x2  
  46  5:33  Ravager  
  42  5:44  Roach  
  42  5:45  Roach x2  
  48  5:52  Queen  
  46  6:12  Ravager x2  
Tags
 
Add a new tag
Caveats
  • Supply blocks, unpowered buildings, or Contaminate may cause inaccurate times.
  • Supply counts are checked every 10 seconds.